 Dungeon Crawl Stone Soup version 0.19-a0-1111-gcceb26a (webtiles) character file.

142 Gorice the Cutter (level 5, -2/39 HPs)
             Began as a Demonspawn Enchanter on Aug 11, 2016.
             Was a Follower of Hepliaklqana.
             Slain by a giant frog (4 damage)
             ... on level 3 of the Dungeon.
             The game lasted 00:16:53 (3835 turns).

Gorice the Cutter (Demonspawn Enchanter)            Turns: 3835, Time: 00:16:54

Health: -2/39      AC:  5    Str:  8    XL:     5   Next: 4%
Magic:  0/8        EV: 12    Int: 18    God:    Hepliaklqana [*.....]
Gold:   64         SH:  0    Dex: 13    Spells: 2 memorised, 5 levels left

rFire  . . .     SeeInvis .     a - +2 dagger
rCold  . . .     Gourm    .     b - +1 robe
rNeg   . . .     Faith    .     (no shield)
rPois  .         Spirit   +     (no helmet)
rElec  .         Dismiss  .     (no cloak)
rCorr  .         Reflect  .     (no gloves)
SustAt +         Harm     .     (no boots)
MR     .....                    (no amulet)
Stlth  +++.......               (no ring)
                                q - ring of sustain attributes

@: very slightly contaminated, invisible
A: icy blue scales 1, nightstalker 1, magic shield
a: Recall Ancestor, Ancestor Identity, Renounce Religion


You were on level 3 of the Dungeon.
You worshipped Hepliaklqana.
Hepliaklqana was aware of your devotion.
You were not hungry.

You visited 1 branch of the dungeon, and saw 3 of its levels.

You collected 64 gold pieces.

Inventory:

Hand Weapons
 a - a +2 dagger (weapon)
Missiles
 h - 32 poisoned needles
 n - 12 sling bullets
 Z - 36 stones (quivered)
Armour
 b - a +1 robe (worn)
Jewellery
 g - an uncursed ring of ice
 q - a ring of sustain attributes (left hand)
Scrolls
 l - 2 scrolls of amnesia
 m - a scroll of random uselessness {unknown}
 p - a scroll of teleportation {!r}
 r - 2 scrolls of magic mapping {unknown}
Potions
 e - a potion of beneficial mutation {unknown}
 i - a potion of flight
 o - 3 potions of curing {unknown}
Books
 c - a book of Maledictions
Comestibles
 d - 5 bread rations {!e}
 f - 3 slices of pizza
 k - a chunk of flesh
 s - 4 fruits
 t - a meat ration {!e}


   Skills:
 + Level 2.7 Fighting
 * Level 3.3 Short Blades
 - Level 1.7 Dodging
 - Level 2.6 Stealth
 - Level 2.0 Spellcasting
 + Level 3.2 Hexes


You had 5 spell levels left.
You knew the following spells:

 Your Spells              Type           Power        Failure   Level  Hunger
a - Corona                Hex            ##.....      6%          1    #......
b - Ensorcelled Hibernat  Hex/Ice        #.....       14%         2    ###....


Dungeon Overview and Level Annotations

Branches:
Dungeon (3/15)

Altars:
Ashenzari
Cheibriados
Hepliaklqana
Kikubaaqudgha
Pakellas
Ru
Sif Muna
Trog
Xom

Annotations:
D:3 Sigmund


Innate Abilities, Weirdness & Mutations

You are partially covered in icy blue scales. (AC +2)
You are slightly more attuned to the shadows.
When hurt, damage is shared between your health and your magic reserves.


Message History

Unknown command.
The giant frog barely misses you.
There is a stone staircase leading down here.
The giant frog hits you.
Damage: 3 (max 5)
The giant frog hits you!
Damage: 6 (max 6)
Casting: Ensorcelled Hibernation
Confirm with . or Enter, or press ? or * to list all spells.
Aiming: Ensorcelled Hibernation
Press: ? - help, Shift-Dir - straight line, f/p - giant frog
Aim: a giant frog (moderately wounded, chance to defeat MR: 38%)
The giant frog resists with some effort.
The giant frog hits you.
Damage: 2 (max 6)
The giant frog hits you.
Damage: 1 (max 6)
The giant frog barely misses you. The giant frog closely misses you.
The giant frog completely misses you. The giant frog hits you.
Damage: 1 (max 6)
The giant frog hits you.
* * * LOW HITPOINT WARNING * * *
Damage: 5 (max 6)
The giant frog hits you!
* * * LOW HITPOINT WARNING * * *
Damage: 7 (max 7)
Casting: Ensorcelled Hibernation
Confirm with . or Enter, or press ? or * to list all spells.
Aiming: Ensorcelled Hibernation
Press: ? - help, Shift-Dir - straight line, f/p - giant frog
Aim: a giant frog (moderately wounded, chance to defeat MR: 38%)
The giant frog resists with some effort.
The giant frog misses you.
You hit the giant frog.
The giant frog is moderately wounded.
The giant frog hits you.
* * * LOW HITPOINT WARNING * * *
The giant frog hits you.
* * * LOW HITPOINT WARNING * * *
Damage: 6 (max 7) Really quaff
j - a potion of invisibility {!q}?
You fade into invisibility!
The giant frog hits you.
* * * LOW HITPOINT WARNING * * *
Damage: 4 (max 7) Unknown command.
The giant frog hits you.
You die...

#.# ... #...##[# #.# #.#
####...##.# #.# #.# #.......#.#
#># #.# #.###.#.#.#### #.#
#.#####.###..#..... #o#
#.##........###..... #.#
#...........<#.###.#.
##.############.##.#####)####...
#............##@##.# #......#.
#..######...o.F....# #@####.#.
#..# #.##.##.#### #.# #.#.
#..######.##.##.# #.####.#.
##......##.##....# #...<....
...........####### ######.##
#######.#..###### #...
...........##...# ####
#######.........#


You could see a giant frog and an orc.

Vanquished Creatures
  4 gnolls
  2 adders
  2 giant geckos
  4 giant cockroaches
  8 goblins
  10 hobgoblins
  A quokka (D:3)
  3 ball pythons
  9 bats
  4 giant newts
  7 kobolds
  6 rats
60 creatures vanquished.

Vanquished Creatures (collateral kills)
  An ooze (D:2)
  2 worms (D:2)
  A goblin (D:2)
  3 hobgoblins (D:2)
  A ball python (D:3)
  2 kobolds
10 creatures vanquished.

Vanquished Creatures (others)
  4 ancestors
4 creatures vanquished.

Grand Total: 74 creatures vanquished

Notes
Turn   | Place    | Note
-------+----------+-------------------------------------------
     0 | D:1      | Gorice the Demonspawn Enchanter began the quest for the Orb.
     0 | D:1      | Reached XP level 1. HP: 13/13 MP: 3/3
    29 | D:1      | Reached skill level 1 in Short Blades
   229 | D:1      | Reached skill level 1 in Fighting
   266 | D:1      | Gained mutation: You are slightly more attuned to the shadows. [demonic ancestry]
   266 | D:1      | Reached XP level 2. HP: 20/21 MP: 3/5
  1405 | D:2      | Reached skill level 2 in Short Blades
  1408 | D:2      | Gained mutation: When hurt, damage is shared between your health and your magic reserves. [demonic ancestry]
  1408 | D:2      | Reached XP level 3. HP: 18/27 MP: 3/6
  1568 | D:2      | Found a snail-covered altar of Cheibriados.
  1570 | D:2      | Found a hazy altar of Hepliaklqana.
  1570 | D:2      | Found a bloodstained altar of Trog.
  1573 | D:2      | Found a deep blue altar of Sif Muna.
  1573 | D:2      | Found a shattered altar of Ashenzari.
  1575 | D:2      | Found a shimmering altar of Xom.
  1575 | D:2      | Found an oddly glowing altar of Pakellas.
  1576 | D:2      | Found an ancient bone altar of Kikubaaqudgha.
  1586 | D:2      | Became a worshipper of Hepliaklqana
  1656 | D:2      | Reached skill level 2 in Fighting
  2295 | D:2      | Gained mutation: You are partially covered in icy blue scales. (AC +2) [demonic ancestry]
  2295 | D:2      | Reached XP level 4. HP: 22/34 MP: 4/7
  2620 | D:2      | Found a sacrificial altar of Ru.
  2830 | D:3      | Reached * piety under Hepliaklqana
  2947 | D:2      | Learned a level 2 spell: Ensorcelled Hibernation
  3007 | D:3      | Noticed Sigmund
  3115 | D:2      | Reached skill level 3 in Short Blades
  3557 | D:3      | Reached XP level 5. HP: 39/39 MP: 8/8
  3833 | D:3      | HP: 9/39 [giant frog (3)]
  3834 | D:3      | HP: 2/39 [giant frog (4)]
  3835 | D:3      | Slain by a giant frog

Vault maps used:
D:1:      erik_arrival_cave_to_civilisation, minmay_fountain_box,
          grunt_decor_cap, wad_woods_river_04
D:2:      grunt_temple_overflow_open, marbit_many_paths, first_bread,
          minmay_tetromino_s2
D:3:      uniq_sigmund

Skill      XL: |  1  2  3  4 |
---------------+-------------+-----
Short Blades   | 1 2 3 |  3.3
Fighting       | 1 2 |  2.7
Dodging        | |  1.7
Stealth        | |  2.6
Spellcasting   | |  2.0
Hexes          | |  3.2

Action                   |  1- 3 |  4- 6 || total
-------------------------+-------+-------++-------
Melee: Dagger            |   132 |    40 ||   172
Throw: Stone             |     2 |       ||     2
 Cast: Corona            |    31 |     4 ||    35
       Ensorcelled Hiber |       |    12 ||    12
  Use: Scroll            |     1 |     6 ||     7
       Potion            |       |     1 ||     1
 Stab: Sleeping          |    19 |    13 ||    32
  Eat: Chunk             |     5 |     4 ||     9
       Beef jerky        |       |     1 ||     1
Armor: Robe              |    22 |     8 ||    30
Dodge: Dodged            |    81 |    33 ||   114

Table legend:
 A = Turns spent in this place as a percentage of turns spent in the entire game.
 B = Non-inter-level travel turns spent in this place as a percentage of non-inter-level travel turns spent in the entire game.
 C = Inter-level travel turns spent in this place as a percentage of turns spent in this place.
 D = Turns resting spent in this place as a percentage of non-inter-level travel turns spent in this place.
 E = Turns spent auto-exploring this place as a percentage of non-inter-level travel turns spent in this place.
 F = Non-inter-level travel turns spent in this place divided by the number of levels of this place that you've seen.
                   A       B       C       D       E      F
               +-------+-------+-------+-------+-------+----------------------
         Total | 100.0 | 100.0 |   1.0 |   3.3 |   8.9 | 342.3
       Dungeon | 100.0 | 100.0 |   1.0 |   3.3 |   8.9 | 342.3
               +-------+-------+-------+-------+-------+----------------------

Vault maps used:
D:1:      erik_arrival_cave_to_civilisation, minmay_fountain_box,
          grunt_decor_cap, wad_woods_river_04
D:2:      grunt_temple_overflow_open, marbit_many_paths, first_bread,
          minmay_tetromino_s2
D:3:      uniq_sigmund
